AoeStats
← THL

Arabia

510521277Analyzed
1v1 RM · 17h ago on Oct 1, 2026· 48m 41s· 2 players
Game mode
Random Map
Map size
Tiny (2 player)
Population
200
Speed
Normal
Resources
Standard
Victory
Conquest
Starting age
Dark Age
Ending age
Imperial Age
RankedLock teamsTeams togetherTeam positionsShared explorationLock speedFull tech treeHidden civsTurbo modeCheats
Victory
Defeat
🇦🇷 Mongols · Argentina
1854
+14
🇻🇳 Vikings · Vietnam
1808
-14
THL
6:23 Loom
9:21 Feudal Age
9:23 Man-at-Arms
12:08 Double-Bit Axe
16:53 Fletching
17:51 Padded Archer Armor
23:47 Castle Age
22:49 Horse Collar
23:00 Gold Mining
23:49 Elite Skirmisher
24:26 Bodkin Arrow
24:42 Bow Saw
27:53 Crossbowman
29:42 Gold Shaft Mining
30:45 Ballistics
33:23 Leather Archer Armor
38:15 Imperial Age
38:58 Bracer
39:40 Ring Archer Armor
40:11 Chemistry
40:37 Stone Mining
40:42 Arbalester
43:36 Pikeman
44:17 Squires
44:17 Scale Mail Armor
45:28 Chain Mail Armor
45:24 Forging
47:25 Plate Mail Armor
48:16 Iron Casting
AstroPlayer24
6:14 Loom
8:24 Feudal Age
8:44 Man-at-Arms
11:16 Double-Bit Axe
15:44 Fletching
15:44 Horse Collar
16:22 Padded Archer Armor
19:25 Wheelbarrow
22:58 Castle Age
23:01 Elite Skirmisher
23:37 Bodkin Arrow
24:02 Bow Saw
24:10 Hand Cart
25:19 Ballistics
25:47 Leather Archer Armor
27:53 Heavy Plow
29:05 Town Watch
34:59 Imperial Age
33:56 Thumb Ring
33:54 Stone Mining
33:55 Gold Mining
36:00 Bracer
37:01 Chemistry
36:49 Scale Barding Armor
36:55 Forging
36:28 Light Cavalry
37:19 Bloodlines
37:09 Husbandry
37:44 Conscription
37:19 Hussar
38:39 Chain Barding Armor
41:09 Iron Casting
49:16 Town Patrol
Connection lost

Rejoining the realm…

Still unreachable

The connection could not be restored.

Session expired

The server has moved on; the page needs a fresh start.